 Dungeon Crawl Stone Soup version 0.31.0-32-g396128a36d (webtiles) character file.

Game seed: 17730353909189742811

13282 Alphaeus the Grappler (level 11, -7/115 HPs)
             Began as a Troll Shapeshifter on Mar 19, 2024.
             Was a Priest of Qazlal.
             Mangled by a two-headed ogre
             ... wielding a +0 giant spiked club
              (12 damage)
             ... on level 11 of the Dungeon.
             The game lasted 00:12:15 (9304 turns).

Alphaeus the Grappler (Troll Shapeshifter)          Turns: 9304, Time: 00:12:15

Health: -7/115     AC:  7    Str: 28    XL:     11   Next: 73%
Magic:  10/10      EV: 10    Int:  6    God:    Qazlal [***...]
Gold:   686        SH:  4    Dex: 15    Spells: 10/10 levels left

rFire   . .          .
                       - Unarmed
rCold   . . .        (no shield)
rNeg    . . .        f - +0 steam dragon scales
rPois   .            (helmet currently unavailable)
rElec   .            (cloak currently unavailable)
rCorr   .            (gloves unavailable)
SInv    .            (boots unavailable)
Will    .....        i - amulet of the acrobat
Stlth   +            h - +4 ring of slaying
HPRegen 1.19/turn    C - +6 ring of dexterity
MPRegen 0.12/turn

%: acrobat
@: beast-form, studying 2 skills
A: beast (slay +4), large, unfitting armour, claws 3, regeneration 1, shaggy fur
1, tough skin 1
a: Begin Untransformation, Renounce Religion, Upheaval, Elemental Force


You were on level 11 of the Dungeon.
You worshipped Qazlal.
Qazlal was most pleased with you.
You were a hulking beast.
You visited 2 branches of the dungeon, and saw 13 of its levels.

You collected 840 gold pieces.
You spent 154 gold pieces at shops.

Inventory:

Hand Weapons
 O - the +6 sling "Liag" {freeze, rElec rC+ SInv}
   (You found it on level 11 of the Dungeon)

   rC+:       It protects you from cold.
   rElec:     It insulates you from electricity.
   SInv:      It lets you see invisible.
Missiles
 u - a throwing net (quivered)
Armour
 a - a +0 animal skin
 f - +0 steam dragon scales (worn)
 y - +0 acid dragon scales
 N - a +0 tower shield
Jewellery
 h - a +4 ring of slaying (left claw)
 i - an amulet of the acrobat (around neck)
 q - a ring of flight
 s - a ring of resist corrosion
 x - a ring of protection from fire
 C - a +6 ring of dexterity (right claw)
Talismans
 c - a beast talisman
 d - a flux talisman
Wands
 t - a wand of paralysis (3)
 v - a wand of polymorph (4)
 B - a wand of acid (12)
 F - a wand of digging (7)
 I - a wand of mindburst (6)
 M - a wand of roots (5)
Scrolls
 b - a scroll of silence {unknown}
 e - 4 scrolls of teleportation {unknown}
 j - 2 scrolls of enchant armour {unknown}
 k - 3 scrolls of vulnerability {unknown}
 l - 5 scrolls of poison {unknown}
 m - 6 scrolls of identify {unknown}
 n - 4 scrolls of fog {unknown}
 o - 2 scrolls of amnesia {unknown}
 p - a scroll of summoning {unknown}
 A - 2 scrolls of immolation {unknown}
 E - a scroll of fear {unknown}
Potions
 g - a potion of resistance
 r - 9 potions of curing
 w - 2 potions of degeneration {unknown}
 z - a potion of brilliance
 D - a potion of mutation {unknown}
 G - a potion of invisibility {unknown}
 H - a potion of ambrosia {unknown}
 K - a potion of magic {unknown}
 L - a potion of attraction


   Skills:
 + Level 9.3 Fighting
 - Level 1.5 Dodging
 * Level 12.4 Unarmed Combat
 * Level 11.5 Shapeshifting


You had 10 spell levels left.
You didn't know any spells.
Your spell library contained the following spells:

 Spells                   Type           Power      Damage    Failure   Level
 Apportation              Tloc           0%         N/A       45%         1
 Foxfire                  Conj/Fire      0%         2x1d4     45%         1
 Necrotise                Necr           0%         1d4       45%         1
 Sting                    Conj/Alch      0%         1d3       45%         1
 Summon Small Mammal      Summ           0%         N/A       45%         1
 Ensorcelled Hibernation  Hex/Ice        0%         N/A       58%         2
 Jinxbite                 Hex            0%         N/A       58%         2
 Fugue of the Fallen      Necr           0%         N/A       83%         3
 Hailstorm                Conj/Ice       0%         3d5       83%         3
 Summon Ice Beast         Ice/Summ       0%         N/A       83%         3
 Anguish                  Hex/Necr       0%         N/A       99%         4
 Summon Blazeheart Golem  Fire/Summ      0%         N/A       99%         4
 Alistair's Intoxication  Alch           0%         N/A       100%        5
 Borgnjor's Vile Clutch   Necr/Erth      0%         N/A       100%        5
 Plasma Beam              Fire/Air       0%         2x1d10    100%        6
 Sculpt Simulacrum        Ice/Alch       0%         N/A       100%        6
 Starburst                Conj/Fire      0%         6d3       100%        6
 Borgnjor's Revivificati  Necr           0%         N/A       100%        8


Dungeon Overview and Level Annotations

Branches:
Dungeon (12/15)            Temple (1/1) D:6            Lair (0/5) D:10
    Orc: D:9-12

Altars:
Ashenzari
Cheibriados
Dithmenos
Elyvilon
Fedhas
Gozag
Hepliaklqana
Kikubaaqudgha
Makhleb
Nemelex Xobeh
Okawaru
Qazlal
Ru
Sif Muna
Trog
Uskayaw
Vehumet
Wu Jian
Xom
Yredelemnul
Zin
The Shining One

Shops:
D:10 !

Portals:
Trove: D:10 (give 5 scrolls of fog)

Annotations:
D:9 3 runed translucent doors


Innate Abilities, Weirdness & Mutations

You are a hulking beast.
Your limbs bulge with bestial killing power. (Slay +4)
You are too large for most types of armour.
You have claws for hands.
Your natural rate of healing is unusually fast.
You are covered in fur. (AC +1)
You have tough skin. (AC +1)


Message History

Okay, then.
You feel much better.
The centaur hits you but does no damage.
The centaur barely misses you.
The electric eel shoots out a bolt of lightning at you!
The bolt of electricity hits you.
The boulder beetle is engulfed in blazing flames.
The boulder beetle barely misses you.
The electric eel shoots out a bolt of lightning at you!
The bolt of electricity hits you!
The centaur wields a +0 orcbow.
The centaur shoots an arrow.
The arrow misses you.
The centaur shoots an arrow.
The arrow completely misses you.
The boulder beetle is engulfed in blazing flames.
The electric eel shoots out a bolt of lightning at you!
The bolt of electricity misses you. The two-headed ogre misses you.
The two-headed ogre hits you with a +0 giant club!
* * * LOW HITPOINT WARNING * * *
The boulder beetle curls into a ball and begins rolling!
The electric eel shoots out a bolt of lightning at you!
The bolt of electricity hits you.
* * * LOW HITPOINT WARNING * * *
There is a stone staircase leading up, spattered with blood here.
The two-headed ogre closely misses you.
The two-headed ogre hits you with a +0 giant club!
* * * LOW HITPOINT WARNING * * *
The boulder beetle hits you!!
* * * LOW HITPOINT WARNING * * *
The boulder beetle stops rolling and uncurls.
You climb upwards.
There is a stone staircase leading down here.
Okay, then.
You feel much better.
Okay, then.
You claw the two-headed ogre!
The two-headed ogre is moderately wounded.
The two-headed ogre hits you with a +0 giant spiked club!!
* * * LOW HITPOINT WARNING * * *
The two-headed ogre hits you with a +0 giant club!
You die...

#..#..#.##(# ###.##
#..##.#.##.# #...#
#..##...##.########.###
#..###..##.#........#
#..# ##.##.#.########
#..# #.##.#.#
#######..# #....#.#
.........# #.##☼..#
########.# #...h###
#.#######O# #.......#.#
#######.#.# #.#.# #.#.#
#.#.# #.#.# #.#.#


You could see a two-headed ogre.

Vanquished Creatures
  A boulder beetle (D:6)
  2 two-headed ogres
  Pikel (D:7)
  2 cyclopes (D:9)
  Joseph (D:7)
  A gargoyle (D:10)
  Maggie (D:7)
  An unseen horror (D:7)
  2 komodo dragons
  2 trolls
  19 yaks
  Eustachio (D:5)
  A water elemental (D:12)
  2 wyverns
  3 wraiths
  3 basilisks
  2 steam dragons
  2 vampire mosquitoes (D:12)
  An acid dragon (D:10)
  2 water moccasins
  An orc warrior (D:8)
  2 sky beasts (D:8)
  A black bear (D:8)
  3 ogres
  4 centaurs
  3 kobold brigands
  5 bullfrogs
  A gnoll sergeant (D:5)
  2 scorpions
  9 wights
  An electric eel (D:8)
  A hound (D:4)
  5 jellies
  6 orc priests
  4 sleepcaps
  12 orc wizards
  4 iguanas
  14 gnolls
  7 adders
  A shadow imp (D:6)
  3 ribbon worms
  3 dart slugs
  18 orcs
  7 endoplasms
  6 giant cockroaches
  11 goblins
  8 hobgoblins
  13 jackals
  3 quokkas
  8 ball pythons
  8 bats
  A frilled lizard (D:3)
  20 kobolds
  5 rats
250 creatures vanquished.

Vanquished Creatures (others)
  A shadow imp (D:8)
1 creature vanquished.

Grand Total: 251 creatures vanquished

Notes
Turn   | Place    | Note
-------+----------+-------------------------------------------
     0 | D:1      | Alphaeus the Troll Shapeshifter began the quest for the
                  | Orb.
     0 | D:1      | Reached XP level 1. HP: 18/18 MP: 0/0
   238 | D:1      | Reached skill level 1 in Fighting
   285 | D:1      | Reached XP level 2. HP: 27/27 MP: 1/1
   407 | D:1      | Reached XP level 3. HP: 33/33 MP: 2/2
   585 | D:1      | Found a faded altar of an unknown god.
  1254 | D:2      | Reached XP level 4. HP: 41/41 MP: 3/3
  1863 | D:3      | Reached skill level 4 in Unarmed Combat
  2032 | D:3      | Noticed a scorpion
  2044 | D:3      | Killed a scorpion
  2045 | D:3      | Reached XP level 5. HP: 38/49 MP: 4/4
  2513 | D:4      | Noticed a centaur
  2513 | D:4      | Noticed a centaur
  2519 | D:4      | Killed a centaur
  2520 | D:4      | Reached skill level 5 in Unarmed Combat
  2520 | D:4      | Reached XP level 6. HP: 17/59 MP: 0/5
  2695 | D:4      | Reached skill level 5 in Shapeshifting
  3400 | D:5      | Entered Level 5 of the Dungeon
  3412 | D:5      | You fall into a shaft and drop 3 floors!
  3417 | D:8      | Reached XP level 7. HP: 66/66 MP: 6/6
  3457 | D:7      | Reached skill level 6 in Unarmed Combat
  3624 | D:6      | Found a staircase to the Ecumenical Temple.
  3649 | Temple   | Entered the Ecumenical Temple
  3680 | Temple   | Became a worshipper of Qazlal Stormbringer
  3800 | D:6      | Found an ornate altar of the Wu Jian Council.
  3943 | D:6      | Noticed a boulder beetle
  3961 | D:6      | Killed a boulder beetle
  3962 | D:6      | Reached skill level 7 in Unarmed Combat
  3962 | D:6      | Reached XP level 8. HP: 33/78 MP: 7/7
  4648 | D:5      | Noticed Eustachio
  4655 | D:5      | Killed Eustachio
  4656 | D:5      | Reached skill level 8 in Unarmed Combat
  4656 | D:5      | Reached XP level 9. HP: 85/85 MP: 8/8
  4730 | D:5      | Reached * piety under Qazlal
  4835 | D:5      | Found an opulent altar of Gozag.
  4882 | D:5      | Reached skill level 5 in Fighting
  5329 | D:7      | Noticed a troll
  5338 | D:7      | Killed a troll
  5377 | D:7      | Got the Teachings on Necromancy and the Dragon
  5395 | D:7      | Reached skill level 9 in Unarmed Combat
  5454 | D:7      | Noticed Maggie
  5460 | D:7      | Killed Maggie
  5504 | D:7      | Killed an unseen horror
  5649 | D:7      | Noticed Joseph
  5663 | D:7      | Killed Joseph
  5664 | D:7      | Reached XP level 10. HP: 62/100 MP: 9/9
  5760 | D:7      | Noticed Pikel
  5767 | D:7      | Killed Pikel
  5772 | D:7      | Reached skill level 10 in Unarmed Combat
  6594 | D:8      | Reached ** piety under Qazlal
  6939 | D:9      | Reached skill level 10 in Shapeshifting
  7043 | D:9      | Reached skill level 11 in Unarmed Combat
  7193 | D:9      | Noticed a cyclops
  7199 | D:9      | Killed a cyclops
  7200 | D:9      | Reached XP level 11. HP: 88/111 MP: 10/10
  7272 | D:9      | Noticed a two-headed ogre
  7280 | D:9      | Killed a two-headed ogre
  7391 | D:9      | Found a runed translucent gate.
  7391 | D:9      | Found a runed translucent gate.
  7391 | D:9      | Found a runed translucent gate.
  7391 | D:9      | Noticed a death yak
  7514 | D:10     | Entered Level 10 of the Dungeon
  7514 | D:10     | Noticed a two-headed ogre
  7519 | D:10     | Killed a two-headed ogre
  7628 | D:10     | Found a portal to a secret trove of treasure.
  7883 | D:10     | Found a staircase to the Lair.
  8053 | D:10     | Reached skill level 12 in Unarmed Combat
  8075 | D:10     | Reached *** piety under Qazlal
  8170 | D:10     | Found Reaxucz Enec's Distillery.
  8185 | D:10     | Bought 2 potions of curing for 84 gold pieces
  8185 | D:10     | Bought a potion of heal wounds for 70 gold pieces
  8464 | D:11     | Identified the +6 sling "Liag" {freeze, rElec rC+ SInv}
  9289 | D:12     | Noticed a boulder beetle
  9292 | D:12     | Noticed a two-headed ogre
  9301 | D:12     | HP: 3/115 [boulder beetle (24)]
  9304 | D:11     | Mangled by a two-headed ogre

Illustrated notes

Levels and vault maps discovered:
D:1:      elethiomel_arrival_maze, layout_basic,
          shapermc_ecumenical_altar_pompeii, roderic_lattice_a,
          serial_bayou_pond_a
D:2:      layout_loops_ring
D:3:      layout_loops_ring, kennysheep_generic_room_5
D:4:      layout_loops_corners, minmay_manual_mares
D:5:      layout_gridville, lemuel_coloured_pillars_altar,
          minmay_a_box_with_orc_wizards_in_it, uniq_eustachio
D:6:      layout_basic, mainiacjoe_overflow_paths,
          minmay_temple_entry_offerings, minmay_manual_mess
D:7:      minmay_clustersquares, layout_cave_pods, uniq_joseph, uniq_maggie,
          uniq_pikel
D:8:      layout_cave_pools, chequers_serial_rivers_small_a, kennysheep_potato
D:9:      lemuel_bear_cage, layout_basic
D:10:     wad_pebble_path, layout_long_grid, david_lair_generic,
          nicolae_trove_entry_free_sample, serial_shops, shop_coins
D:11:     layout_basic
D:12:     layout_basic, erik_orc_2, gammafunk_ghost_arena,
          nicolae_twisting_strands
Temple:   mainiacjoe_temple_big_plus

Skill      XL: |  1  2  3  4  5  6  7  8  9 10 11 |
---------------+----------------------------------+-----
Fighting       | 1 2 4 6 8 9 |  9.3
Unarmed Combat | 4 5 7 8 9 11 12 | 12.4
Shapeshifting  | 4 5 6 7 9 10 11 | 11.5
Dodging        | |  1.5

Action                     |  1- 3 |  4- 6 |  7- 9 | 10-12 || total
---------------------------+-------+-------+-------+-------++-------
  Melee: Unarmed           |    80 |   125 |   140 |   235 ||   580
         Punch             |     2 |     3 |     8 |    20 ||    33
  Evoke: Wand              |       |     1 |       |       ||     1
    Use: Potion            |       |     7 |       |     2 ||     9
   Stab: Sleeping          |     1 |       |       |       ||     1
 Armour: Animal skin       |    67 |    90 |    24 |       ||   181
         Skin              |       |    22 |       |       ||    22
         Steam dragon scal |       |       |    78 |   173 ||   251
  Dodge: Dodged            |    46 |    67 |    86 |   118 ||   317
  Block: Other             |       |       |     1 |    22 ||    23
